cohdb
Replays
Latest Replays
All Replays
Popular Replays
Top Player Replays
Match Explorer
How It Works
Community
CoH3 Stats
Reddit
Sign in to upload your games and track your stats! →
Sign in with Steam
Match 47134939
Unlisted
Match 47134939
Overview
Messages
Build Orders
End
Kradschützen Motorcycle Team
250 Light Carrier
250 Light Carrier
Selects Armored Support Battlegroup
Construct Light Support Kompanie
MG34 Team
Combat Half-tracks
Fire Support Elements
Selects Salvage Kits
Selects Superior Fire Drills
Flakvierling Half-track
Vehicle Survival Package
2.5-tonne Medical Truck
Panzerjäger Mechanized Group
Selects Salvage Kits
Construct Mechanized Kompanie
StuG III D Assault Gun
Advanced Field Repairs
StuG III D Assault Gun
Selects Panzer Storm
Panzer Storm
Assault Mechanized Group
Construct Panzerarmee Kommand
Selects Flammpanzer III Medium Tank
Panzer III L Medium Tank
Tungsten Core Ammunition
Armored Reserves
Emergency Repair Kits
Aqely
Deathwing The Boss
maxiking1
DK
moe_big90
R0NIN133
chasis
dominique.plain
0
0
Comments
sign in to comment!
No comments posted yet!